 Dungeon Crawl Stone Soup version 0.27.1 (webtiles) character file.

Game seed: 14651237667879295762

1412 pkoi the Spear-Bearer (level 8, -2/62 HPs)
             Began as a Merfolk Gladiator on Aug 24, 2021.
             Was an Initiate of Hepliaklqana.
             Slain by a killer bee (8 damage)
             ... on level 5 of the Dungeon.
             The game lasted 00:14:30 (7464 turns).

pkoi the Spear-Bearer (Merfolk Gladiator)           Turns: 7464, Time: 00:14:31

Health: -2/62      AC:  3    Str: 16    XL:     8   Next: 70%
Magic:  9/9        EV: 14    Int:  5    God:    Hepliaklqana [......]
Gold:   287        SH:  0    Dex: 14    Spells: 7/7 levels left

rFire    . . .     SeeInvis .   a - +0 trident
rCold    . . .     Faith    .   (no shield)
rNeg     . . .     Spirit   .   b - +0 leather armour
rPois    .         Reflect  .   c - +1 helmet
rElec    .         Harm     .   (no cloak)
rCorr    .         Rampage  .   (no gloves)
Will     .....                  (no boots)
Stlth    +.........             (no amulet)
HPRegen  0.20/turn              (no ring)
MPRegen  0.11/turn              (no ring)

@: lethally poisoned (-2 -> -3)
A: (nimble swimmer 2), mertail, claws 1, clumsy 1, deformed body, dopey 1
a: Renounce Religion


You were on level 5 of the Dungeon.
You worshipped Hepliaklqana.
Hepliaklqana was noncommittal.
You visited 2 branches of the dungeon, and saw 8 of its levels.

You collected 287 gold pieces.

Inventory:

Hand Weapons
 a - a +0 trident (weapon)
Missiles
 d - 3 throwing nets
 f - 8 poisoned darts (quivered)
 o - 7 curare-tipped darts
Armour
 b - a +0 leather armour (worn)
 c - a +1 helmet (worn)
 i - a +0 plate armour of poison resistance
Jewellery
 k - a ring of flight
Wands
 m - a wand of flame (22)
 n - a wand of mindburst (3)
Scrolls
 h - 3 scrolls of identify
 j - a scroll of enchant weapon
Potions
 e - a potion of curing
 g - a potion of cancellation


   Skills:
 + Level 5.3 Fighting
 + Level 11.2 Polearms
 - Level 2.0 Throwing
 + Level 2.1 Armour
 + Level 7.1 Dodging
 + Level 1.5 Invocations


You had 7 spell levels left.
You didn't know any spells.
Your spell library contained the following spells:

 Spells                   Type           Power      Damage    Failure   Level
 Beastly Appendage        Tmut           0%         N/A       54%         1
 Wereblood                Tmut           0%         N/A       69%         2
 Spider Form              Tmut/Pois      0%         N/A       89%         3


Dungeon Overview and Level Annotations

Branches:
Dungeon (7/15)             Temple (1/1) D:6

Altars:
Ashenzari
Cheibriados
Dithmenos
Elyvilon
Fedhas
Gozag
Hepliaklqana
Kikubaaqudgha
Makhleb
Nemelex Xobeh
Okawaru
Qazlal
Ru
Sif Muna
Uskayaw
Vehumet
Wu Jian
Xom
Yredelemnul
Zin
The Shining One

Shops:
D:3 [

Annotations:
D:3 Grinder
D:4 Robin
D:5 Pikel


Innate Abilities, Weirdness & Mutations

((You are quick and stealthy near water. (Stealth+, EV+, Speed+++)))
Your lower body shifts to a powerful aquatic tail in water.
You have sharp fingernails.
You are clumsy. (Dex -2)
Armour fits poorly on your strangely shaped body.
You are dopey. (Int -2)


Message History

You are poisoned.
The killer bee poisons you!
You barely miss the killer bee.
You feel sick. The killer bee closely misses you.
You hit the killer bee.
The killer bee is lightly wounded.
You feel sick.
The killer bee stings you but does no damage.
The killer bee stings you.
* * * LOW HITPOINT WARNING * * *
You miss the killer bee.
The killer bee is lightly wounded.
You feel sick.
The killer bee stings you but does no damage.
You barely miss the killer bee.
The killer bee is lightly wounded.
You feel sick. The killer bee barely misses you.
The killer bee stings you but does no damage.
Unknown command.
You closely miss the killer bee.
The killer bee is lightly wounded.
You feel sick.
The killer bee stings you but does no damage.
You miss the killer bee.
The killer bee is lightly wounded.
You feel sick. The killer bee closely misses you.
You closely miss the killer bee.
The killer bee is lightly wounded.
You feel sick. The killer bee closely misses you.
The killer bee stings you but does no damage.
You closely miss the killer bee.
The killer bee is lightly wounded.
The killer bee misses you. The killer bee barely misses you.
You closely miss the killer bee.
The killer bee is lightly wounded.
You feel sick. The killer bee completely misses you.
You closely miss the killer bee.
The killer bee is lightly wounded.
You feel sick. The killer bee barely misses you. The killer bee stings you!
You die...

...### #.##.####....
.#. #.>.......##.
##.....#####. #
#..##...###. #.
##....##.#... #.
#..##.##.>.## #.
#.##...)....#
#..######.....#####(.
#..@yy#...##..# #.
#####Z#...###.# #
##.....## ... .
#....### ##.#
......#..# .#
..##..##.#### .
.............## .. .
..#######...##### ...
##......#..#


You could see 2 killer bees and a killer bee zombie.

Vanquished Creatures
  Sigmund (D:5)
  Menkaure (D:5)
  2 ice beasts
  An ogre (D:5)
  2 phantoms
  A lemure (D:3)
  Blork the orc (D:6)
  A scorpion (D:5)
  2 bullfrogs
  A wyvern skeleton (D:6)
  A water moccasin skeleton (D:6)
  A killer bee (D:5)
  A bullfrog zombie (D:6)
  2 hounds
  Ijyb (D:5)
  2 iguanas
  2 gnolls (D:1)
  3 adders
  An adder skeleton (D:4)
  A worm (D:2)
  3 dart slugs (D:1)
  13 orcs
  6 endoplasms
  4 giant cockroaches
  12 goblins
  7 hobgoblins
  15 jackals
  7 kobolds
  3 quokkas
  5 ball pythons
  4 bats
  A frilled lizard (D:3)
  6 rats
114 creatures vanquished.

Notes
Turn   | Place    | Note
-------+----------+-------------------------------------------
     0 | D:1      | pkoi the Merfolk Gladiator began the quest for the Orb.
     0 | D:1      | Reached XP level 1. HP: 16/16 MP: 1/1
    47 | D:1      | Reached XP level 2. HP: 13/23 MP: 2/2
   388 | D:1      | Reached skill level 5 in Polearms
   388 | D:1      | Reached XP level 3. HP: 27/28 MP: 3/3
   576 | D:1      | Found a faded altar of an unknown god.
   952 | D:1      | Reached XP level 4. HP: 27/35 MP: 4/4
  1349 | D:2      | Reached skill level 5 in Dodging
  2402 | D:3      | Noticed Grinder
  2735 | D:3      | Reached XP level 5. HP: 39/41 MP: 5/5
  2913 | D:3      | Found Ridouf's Antique Armour Boutique.
  3032 | D:4      | Reached skill level 6 in Polearms
  3062 | D:4      | Noticed Robin
  3267 | D:3      | Paralysed by Grinder for 7 turns
  3320 | D:3      | Paralysed by Grinder for 7 turns
  3409 | D:4      | Noticed Pikel
  3410 | D:4      | Noticed a phantom
  3413 | D:4      | Noticed a lemure
  3413 | D:4      | Noticed a lemure
  3414 | D:4      | Noticed a lemure
  3415 | D:4      | Noticed a lemure
  3438 | D:3      | Killed a phantom
  3439 | D:3      | Reached XP level 6. HP: 30/49 MP: 6/6
  4612 | D:5      | Entered Level 5 of the Dungeon
  5229 | D:6      | Reached skill level 7 in Polearms
  5417 | D:6      | Reached skill level 1 in Armour
  5417 | D:6      | Reached XP level 7. HP: 48/55 MP: 7/7
  5502 | D:6      | Reached skill level 8 in Polearms
  5943 | D:6      | Noticed Blork the orc
  5951 | D:6      | Killed Blork the orc
  5952 | D:6      | Reached skill level 9 in Polearms
  5982 | D:6      | Found a staircase to the Ecumenical Temple.
  6000 | Temple   | Entered the Ecumenical Temple
  6230 | Temple   | Became a worshipper of Hepliaklqana the Forgotten
  6689 | D:7      | Reached skill level 10 in Polearms
  6776 | D:7      | HP: 2/55 [poisoned by a kobold brigand]
  7100 | D:5      | Reached XP level 8. HP: 41/61 MP: 8/8
  7215 | D:5      | Noticed Sigmund
  7259 | D:5      | Killed Sigmund
  7382 | D:5      | Reached skill level 5 in Fighting
  7382 | D:5      | Reached skill level 11 in Polearms
  7384 | D:5      | Noticed Menkaure
  7406 | D:5      | Noticed Ijyb
  7413 | D:5      | Killed Ijyb
  7431 | D:5      | Killed Menkaure
  7432 | D:5      | Reached skill level 1 in Invocations
  7453 | D:5      | Gained mutation: Armour fits poorly on your strangely
                  | shaped body. [potion of mutation]
  7453 | D:5      | Gained mutation: You are clumsy. (Dex -2) [potion of
                  | mutation]
  7453 | D:5      | Gained mutation: You are dopey. (Int -2) [potion of
                  | mutation]
  7453 | D:5      | Gained mutation: You have sharp fingernails. [potion of
                  | mutation]
  7464 | D:5      | Slain by a killer bee

Illustrated notes

Levels and vault maps discovered:
D:1:      evilmike_arrival_fibonacci_small, layout_basic,
          chequers_ecumenical_altar_island, st_stairs_2
D:2:      layout_loops_ring
D:3:      layout_basic, serial_shops, nicolae_shop_competitors_out_of_business,
          item_on_display_a, uniq_grinder
D:4:      layout_cave_pools, uniq_robin, uniq_pikel
D:5:      layout_rooms, hellmonk_ghost_happy_afterlife, uniq_eustachio,
          uniq_menkaure, uniq_ijyb, uniq_sigmund
D:6:      layout_loops_cross, temple_hall, uniq_blork_the_orc
D:7:      layout_cave_pools, serial_shops, shop_fountains, grunt_ministairs_7
Temple:   minmay_crystal_snake_temple

Skill      XL: |  1  2  3  4  5  6  7  8 |
---------------+-------------------------+-----
Polearms       | 5 6 7 10 11 | 11.2
Fighting       | 3 4 5 |  5.3
Dodging        | 5 6 7 |  7.1
Armour         | 1 2 |  2.1
Invocations    | 1 |  1.5
Throwing       | |  2.0

Action                   |  1- 3 |  4- 6 |  7- 9 || total
-------------------------+-------+-------+-------++-------
Melee: Trident           |    68 |   280 |   131 ||   479
Throw: Dart              |       |       |    12 ||    12
Evoke: Wand              |       |       |     5 ||     5
  Use: Potion            |       |     4 |     4 ||     8
       Scroll            |       |     6 |     1 ||     7
 Stab: Sleeping          |     2 |     4 |       ||     6
Armor: Leather armour    |    16 |    78 |    17 ||   111
Dodge: Dodged            |    49 |   222 |    67 ||   338
